 Dungeon Crawl Stone Soup version 0.32-a0-986-ga09f62fbf4 (webtiles) character file.

Game seed: 1422546416978862711

11 protoss039 the Digger (level 2, -5/20 HPs)
             Began as a Demonspawn Earth Elementalist on Apr 21, 2024.
             Slain by a gnoll
             ... wielding a +0 vampiric spear
              (8 damage)
             ... on level 2 of the Dungeon.
             The game lasted 00:01:16 (485 turns).

protoss039 the Digger (DsEE)                         Turns: 485, Time: 00:01:17

Health: -5/20      AC:  2    Str:  8    XL:     2   Next: 17%
Magic:  1/5        EV: 11    Int: 15    God:
Gold:   1          SH:  0    Dex: 13    Spells: 4/5 levels left

rFire   . . .        f - +0 short sword
rCold   . . .        (no shield)
rNeg    . . .        a - +0 robe
rPois   .            (helmet restricted)
rElec   .            (no cloak)
rCorr   .            (no gloves)
SInv    .            (no boots)
Will    .....        (no amulet)
Stlth   ++           c - ring of wizardry
HPRegen 0.23/turn    (no ring)
MPRegen 0.09/turn

%: wizardry (x1)
@: no status effects
A: horns 1
a: no special abilities


You were on level 2 of the Dungeon.
You visited 1 branch of the dungeon, and saw 2 of its levels.

You collected 1 gold pieces.

Inventory:

Hand Weapons
 f - a +0 short sword (weapon)
Armour
 a - a +0 robe (worn)
Jewellery
 c - a ring of wizardry (left hand)
Scrolls
 d - a scroll of vulnerability {unknown}
 e - a scroll of teleportation {unknown}


   Skills:
 + Level 0.9 Fighting
 - Level 1.7 Dodging
 - Level 1.7 Stealth
 + Level 2.2 Spellcasting
 - Level 1.0 Conjurations
 + Level 2.9 Earth Magic


You had 4 spell levels left.
You knew the following spells:

 Your Spells              Type           Power      Damage    Failure   Level
a - Sandblast             Erth           20%        2d7       2%          1

Your spell library contained the following spells:

 Spells                   Type           Power      Damage    Failure   Level
 Passwall                 Erth           10%        N/A       8%          3
 Stone Arrow              Conj/Erth      14%        3d7       12%         3
 Brom's Barrelling Bould  Conj/Erth      7%         2d3       34%         4
 Petrify                  Alch/Erth      6%         N/A       41%         4


Dungeon Overview and Level Annotations

Branches:
Dungeon (2/15) Zot: 11503

Altars:
Dithmenos


Innate Abilities, Weirdness & Mutations

You have a pair of small horns on your head.


Message History

Aim: a gnoll, wielding a +0 club (84% to hit)
The blast of sand hits the gnoll.
The gnoll is moderately wounded.
The gnoll hits you but does no damage.
The gnoll hits you from afar with a +0 spear.
Unknown command.
Casting: Sandblast (safe; 2% risk of failure)
Confirm with . or Enter, or press ? or * to list all spells.
Aiming: Sandblast (safe; 2% risk of failure)
Press: ? - help, Shift-Dir - straight line, f/p - gnoll
Aim: a gnoll, wielding a +0 club (moderately wounded, 84% to hit)
The blast of sand misses the gnoll.
The blast of sand hits the gnoll.
The gnoll is lightly wounded.
The gnoll barely misses you. x3; The gnoll closely misses you.
The gnoll hits you from afar with a +0 vampiric spear.
The gnoll draws strength from your wounds!
The gnoll misses you.
Casting: Sandblast (safe; 2% risk of failure)
Confirm with . or Enter, or press ? or * to list all spells.
Aiming: Sandblast (safe; 2% risk of failure)
Press: ? - help, Shift-Dir - straight line, f/p - gnoll
Aim: a gnoll, wielding a +0 club (moderately wounded, 84% to hit)
The blast of sand hits the gnoll.
The gnoll is heavily wounded.
The gnoll hits you but does no damage. The gnoll barely misses you.
The gnoll closely misses you.
Unknown command.
Casting: Sandblast (safe; 2% risk of failure)
Confirm with . or Enter, or press ? or * to list all spells.
Aiming: Sandblast (safe; 2% risk of failure)
Press: ? - help, Shift-Dir - straight line, f/p - gnoll
Aim: a gnoll, wielding a +0 club (heavily wounded, 84% to hit)
The blast of sand hits the gnoll.
You kill the gnoll!
The gnoll hits you but does no damage.
The gnoll hits you from afar with a +0 spear!
Ouch! That really hurt!
* * * LOW HITPOINT WARNING * * *
The gnoll hits you from afar with a +0 vampiric spear!
You die...

###### ..P.. ### ###
♣.P. ..# #.. ♣..##.#
##.# ♣.gg#.# ##.#.
♣..)P.# #.### ♣♣P♣P@.#
##.#. P♣PP.P..# #....
....P.^#.###########.#..
.P♣...........(.........
. ♣.....)###...#####.#.÷
...####.## #.# #....
#.#####...##.# ##♣#♣#.#
#. #........#..♣.....♣#
#.#.#.######........


You could see 2 gnolls.

Vanquished Creatures
  A gnoll (D:2)
  A bat (D:2)
  2 endoplasms
  2 hobgoblins (D:2)
  2 jackals (D:1)
  A ball python (D:2)
  A kobold (D:2)
  A rat (D:1)
11 creatures vanquished.

Notes
Turn   | Place    | Note
-------+----------+-------------------------------------------
     0 | D:1      | protoss039 the Demonspawn Earth Elementalist began the
                  | quest for the Orb.
     0 | D:1      | Reached XP level 1. HP: 13/13 MP: 3/3
   135 | D:2      | Found a shadowy altar of Dithmenos.
   193 | D:2      | Discovered your monstrous ancestry.
   193 | D:2      | Gained mutation: You have a pair of small horns on your
                  | head. [demonic ancestry]
   193 | D:2      | Reached XP level 2. HP: 20/20 MP: 1/5
   485 | D:2      | Slain by a gnoll

Illustrated notes

Levels and vault maps discovered:
D:1:      denvon_arrival_waterhouse, layout_basic,
          ebering_ecumenical_altar_sacrificial, minmay_box_of_dots
D:2:      layout_loops_ring, serial_forest, infiniplex_forest_end_double,
          infiniplex_forest_fountain, infiniplex_forest_lined_2,
          infiniplex_forest_lined_3, infiniplex_forest_clump_cross,
          infiniplex_forest_lined_ring, infiniplex_forest_split,
          infiniplex_forest_end_1, basic_altar, minmay_pentomino_p2

Action                     || total
---------------------------++-------
  Melee: Unarmed           ||     2
         Mace              ||     7
         Headbutt          ||     4
   Cast: Sandblast         ||    20
    Use: Potion            ||     1
 Armour: Robe              ||    30
  Dodge: Dodged            ||    26

Table legend: (Time is in decaauts)
 A = Elapsed time spent in this place.
 B = Non-inter-level travel time spent in this place.
 C = Inter-level travel time spent in this place.
 D = Time resting spent in this place.
 E = Time spent auto-exploring this place.
 F = Levels seen in this place.
 G = Mean time per level.
                   A        B        C        D        E       F      G
               +--------+--------+--------+--------+--------+-----+--------+
         Total |    495 |    495 |      0 |     87 |    234 |   2 |  247.5 |
       Dungeon |    495 |    495 |      0 |     87 |    234 |   2 |  247.5 |
               +--------+--------+--------+--------+--------+-----+--------+

Top non-repeatable levels by time:
     D:2: 373 daAuts
     D:1: 122 daAuts
